[ AOE2 MATCH · #486072843 ]
UnrankedSaracens vs Lithuanians
[ REPLAY ANALYSIS · EXTRACTED FROM THE RECORDED GAME ]
Feudal
13:45
Castle
18:05
Imperial
—
| APM avg | 46.4 |
| APM peak | 130 |
| eAPM avg | 18.7 |
| Villagers / military | 105 / 42 |
Focus
⚔️ 28.3% · 🌾 71.7%
Mameluke ×38 · Fishing Ship ×6 · Skirmisher ×3 · Monk ×1
Feudal
12:55
Castle
16:33
Imperial
31:11
| APM avg | 38.8 |
| APM peak | 82 |
| eAPM avg | 23.9 |
| Villagers / military | 124 / 102 |
Focus
⚔️ 40.9% · 🌾 59.1%
Knight ×75 · Fishing Ship ×29 · Fire Galley ×15 · Bombard Cannon ×10 · Unknown (2626) ×4 · Monk ×2
Feudal
13:35
Castle
18:20
Imperial
37:04
| APM avg | 34.4 |
| APM peak | 90 |
| eAPM avg | 18.2 |
| Villagers / military | 82 / 55 |
Focus
⚔️ 30.6% · 🌾 69.4%
Magyar Huszar ×48 · Fishing Ship ×17 · Monk ×3 · Knight ×2 · Demolition Raft ×1 · Trebuchet (Packed) ×1
Feudal
13:09
Castle
16:39
Imperial
29:09
| APM avg | 66.5 |
| APM peak | 156 |
| eAPM avg | 37.5 |
| Villagers / military | 99 / 107 |
Focus
⚔️ 52.0% · 🌾 48.0%
Janissary ×102 · Fishing Ship ×16 · Trebuchet (Packed) ×4 · Unknown (2626) ×2 · Monk ×1 · Trade Cog ×1
Feudal
11:45
Castle
16:58
Imperial
—
| APM avg | 45.8 |
| APM peak | 93 |
| eAPM avg | 28.3 |
| Villagers / military | 112 / 48 |
Focus
⚔️ 24.2% · 🌾 75.8%
Spearman ×29 · Scorpion ×11 · Fishing Ship ×5 · Centurion ×3 · Monk ×2 · Galley ×1
Feudal
14:13
Castle
19:24
Imperial
36:22
| APM avg | 59.7 |
| APM peak | 95 |
| eAPM avg | 27.6 |
| Villagers / military | 140 / 65 |
Focus
⚔️ 24.2% · 🌾 75.8%
Knight ×62 · Fishing Ship ×9 · Unknown (2626) ×2 · Scout Cavalry ×1 · Demolition Raft ×1 · Trebuchet (Packed) ×1
Match map
Initial resources + every placement click. Lines = walls · curves = elevation contours. ◆ gold · ⬟ stone · ● berries · ✦ relic · ◌ wall gap
Your base· Open — 5t gap
joseph's base· Open — 11t gap
[TOX2] Lord Rucci's base· Open — 12t gap
Oni.TheViper's base· Open — 9t gap
abija's base· Open — 8t gap
hermelin*?'s base· Open — 5t gap
Smoothed initial terrain · ◌ = detected wall gap · hover for details
Inputs per minute
— satho - - joseph
Build order — satho
First 150 of 290 actions detected
| 0:14 | Build | Town Center |
| 0:34 | Build | Dock |
| 0:37 | Build | House |
| 2:32 | Create | Villager (Male) |
| 2:33 | Create | Villager (Male) |
| 2:33 | Create | Villager (Male) |
| 2:33 | Create | Villager (Male) |
| 2:33 | Create | Villager (Male) |
| 3:36 | Create | Villager (Male) |
| 3:36 | Create | Villager (Male) |
| 4:18 | Create | Fishing Ship |
| 4:25 | Research | Loom |
| 4:29 | Create | Villager (Male) |
| 4:29 | Create | Villager (Male) |
| 4:32 | Build | House |
| 5:01 | Create | Villager (Male) |
| 5:01 | Create | Villager (Male) |
| 5:23 | Create | Villager (Male) |
| 5:27 | Create | Fishing Ship |
| 5:42 | Create | Villager (Male) |
| 6:00 | Build | House |
| 6:48 | Create | Fishing Ship |
| 6:53 | Create | Villager (Male) |
| 6:53 | Create | Villager (Male) |
| 6:54 | Create | Villager (Male) |
| 7:23 | Build | House |
| 7:38 | Create | Villager (Male) |
| 7:50 | Create | Fishing Ship |
| 7:52 | Build | House |
| 8:07 | Build | House |
| 8:25 | Build | House |
| 8:32 | Create | Villager (Male) |
| 8:44 | Build | House |
| 8:57 | Create | Villager (Male) |
| 9:23 | Create | Villager (Male) |
| 9:26 | Create | Fishing Ship |
| 9:29 | Build | House |
| 9:48 | Create | Villager (Male) |
| 9:57 | Build | House |
| 10:15 | Create | Villager (Male) |
| 10:40 | Create | Villager (Male) |
| 10:50 | Create | Fishing Ship |
| 11:00 | Build | Mill |
| 11:09 | Build | Mill |
| 11:10 | Create | Villager (Male) |
| 11:30 | Create | Villager (Male) |
| 11:30 | Research | Feudal Age |
| 12:24 | Create | Villager (Male) |
| 12:57 | Create | Villager (Male) |
| 13:07 | Build | Barracks |
| 13:15 | Build | Mill |
| 13:32 | Create | Villager (Male) |
| 13:38 | Build | Mining Camp |
| 13:45 | Age | Feudal Age |
| 13:49 | Create | Villager (Male) |
| 14:11 | Build | Market |
| 14:14 | Build | Blacksmith |
| 15:00 | Create | Villager (Male) |
| 15:10 | Research | Castle Age |
| 15:14 | Build | Mining Camp |
| 15:27 | Build | Lumber Camp |
| 15:49 | Research | Double-Bit Axe |
| 16:01 | Research | Stone Mining |
| 16:42 | Build | Palisade Wall |
| 16:42 | Build | Palisade Wall |
| 16:45 | Build | Palisade Wall |
| 16:48 | Build | Palisade Wall |
| 16:49 | Build | Palisade Wall |
| 16:51 | Build | Palisade Wall |
| 17:08 | Create | Villager (Male) |
| 17:10 | Build | Barracks |
| 17:53 | Create | Villager (Male) |
| 17:58 | Research | Gold Mining |
| 18:02 | Create | Villager (Male) |
| 18:05 | Age | Castle Age |
| 18:23 | Build | House |
| 18:25 | Build | House |
| 18:54 | Build | Mill |
| 19:14 | Create | Villager (Male) |
| 19:21 | Create | Villager (Male) |
| 19:41 | Create | Villager (Male) |
| 19:51 | Build | Castle |
| 20:04 | Create | Villager (Male) |
| 20:49 | Research | Horse Collar |
| 20:56 | Build | Farm |
| 20:56 | Build | Farm |
| 20:56 | Build | Farm |
| 20:56 | Build | Farm |
| 20:57 | Build | Farm |
| 20:57 | Build | Farm |
| 21:03 | Build | Farm |
| 21:04 | Create | Villager (Male) |
| 21:05 | Create | Villager (Male) |
| 21:26 | Create | Mameluke |
| 21:26 | Create | Mameluke |
| 21:36 | Create | Mameluke |
| 22:02 | Build | Town Center |
| 22:04 | Create | Mameluke |
| 22:09 | Build | Palisade Wall |
| 22:10 | Build | Palisade Wall |
| 22:13 | Build | Palisade Wall |
| 22:14 | Build | Palisade Wall |
| 22:18 | Create | Villager (Male) |
| 22:20 | Create | Mameluke |
| 22:41 | Create | Villager (Male) |
| 22:42 | Create | Villager (Male) |
| 23:03 | Create | Mameluke |
| 23:03 | Create | Villager (Male) |
| 23:11 | Create | Villager (Male) |
| 23:12 | Create | Villager (Male) |
| 23:20 | Build | Monastery |
| 23:22 | Build | Farm |
| 23:22 | Build | Farm |
| 23:22 | Build | Farm |
| 23:23 | Build | Farm |
| 23:23 | Build | Farm |
| 23:31 | Create | Mameluke |
| 23:32 | Create | Villager (Male) |
| 23:32 | Create | Villager (Male) |
| 23:57 | Create | Villager (Male) |
| 24:05 | Build | Archery Range |
| 24:06 | Create | Mameluke |
| 24:07 | Create | Villager (Male) |
| 24:07 | Create | Villager (Male) |
| 24:09 | Build | Farm |
| 24:52 | Create | Villager (Male) |
| 24:53 | Create | Villager (Male) |
| 24:53 | Create | Villager (Male) |
| 24:53 | Create | Villager (Male) |
| 24:54 | Create | Villager (Male) |
| 25:00 | Create | Skirmisher |
| 25:00 | Create | Skirmisher |
| 25:04 | Create | Villager (Male) |
| 25:08 | Create | Villager (Male) |
| 25:09 | Create | Villager (Male) |
| 25:15 | Create | Monk |
| 25:17 | Create | Mameluke |
| 25:39 | Research | Fletching |
| 25:39 | Research | Fletching |
| 25:59 | Create | Villager (Male) |
| 26:03 | Build | Farm |
| 26:03 | Build | Farm |
| 26:03 | Build | Farm |
| 26:04 | Build | Farm |
| 26:04 | Build | Farm |
| 26:04 | Build | Farm |
| 26:04 | Build | Farm |
| 26:05 | Build | Farm |
| 26:22 | Create | Skirmisher |
| 26:56 | Create | Mameluke |
Build order — joseph
First 150 of 381 actions detected
| 0:34 | Build | Town Center |
| 0:48 | Build | Dock |
| 1:06 | Build | House |
| 2:43 | Create | Villager (Male) |
| 2:43 | Create | Villager (Male) |
| 2:44 | Create | Villager (Male) |
| 2:45 | Create | Villager (Male) |
| 2:45 | Create | Villager (Male) |
| 2:45 | Create | Villager (Male) |
| 2:46 | Create | Villager (Male) |
| 3:42 | Create | Fishing Ship |
| 3:42 | Create | Fishing Ship |
| 3:49 | Create | Villager (Male) |
| 4:12 | Build | House |
| 4:39 | Create | Fishing Ship |
| 4:40 | Create | Fishing Ship |
| 5:13 | Build | House |
| 5:18 | Create | Villager (Male) |
| 5:44 | Create | Fishing Ship |
| 5:44 | Create | Fishing Ship |
| 6:02 | Create | Villager (Male) |
| 6:02 | Create | Villager (Male) |
| 6:16 | Create | Fishing Ship |
| 6:17 | Create | Fishing Ship |
| 6:18 | Create | Villager (Male) |
| 6:18 | Create | Villager (Male) |
| 6:48 | Create | Villager (Male) |
| 7:13 | Create | Villager (Male) |
| 7:22 | Build | Dock |
| 7:24 | Build | House |
| 7:31 | Create | Villager (Male) |
| 7:52 | Create | Fishing Ship |
| 8:06 | Create | Villager (Male) |
| 8:14 | Create | Fishing Ship |
| 8:15 | Create | Fishing Ship |
| 8:20 | Build | House |
| 8:29 | Create | Villager (Male) |
| 8:38 | Create | Fishing Ship |
| 8:39 | Create | Fishing Ship |
| 8:49 | Create | Villager (Male) |
| 9:07 | Create | Fishing Ship |
| 9:08 | Create | Fishing Ship |
| 9:11 | Create | Villager (Male) |
| 9:20 | Create | Fishing Ship |
| 9:33 | Create | Villager (Male) |
| 9:48 | Build | Mill |
| 10:16 | Research | Loom |
| 10:45 | Research | Feudal Age |
| 10:46 | Research | Feudal Age |
| 10:59 | Build | House |
| 12:55 | Age | Feudal Age |
| 12:58 | Build | Market |
| 13:00 | Build | Blacksmith |
| 13:03 | Create | Villager (Male) |
| 13:04 | Create | Villager (Male) |
| 13:18 | Build | Lumber Camp |
| 13:38 | Create | Unit 2626 |
| 13:38 | Create | Unit 2626 |
| 13:46 | Create | Unit 2626 |
| 13:46 | Create | Unit 2626 |
| 13:49 | Research | Castle Age |
| 13:49 | Research | Castle Age |
| 14:23 | Build | House |
| 14:26 | Research | Double-Bit Axe |
| 14:27 | Research | Double-Bit Axe |
| 14:27 | Create | Villager (Male) |
| 14:52 | Research | Tech 906 |
| 14:56 | Build | House |
| 15:18 | Create | Fire Galley |
| 15:19 | Create | Fire Galley |
| 15:35 | Build | Dock |
| 15:45 | Create | Fire Galley |
| 15:45 | Create | Fire Galley |
| 16:06 | Create | Fire Galley |
| 16:06 | Create | Fire Galley |
| 16:16 | Build | House |
| 16:33 | Age | Castle Age |
| 16:45 | Research | War Galley (upgrade) |
| 16:46 | Create | Villager (Male) |
| 16:52 | Create | Fire Galley |
| 16:53 | Create | Fire Galley |
| 17:00 | Create | Fire Galley |
| 17:00 | Create | Fire Galley |
| 17:02 | Create | Villager (Male) |
| 17:16 | Create | Fire Galley |
| 17:16 | Create | Fire Galley |
| 17:17 | Create | Villager (Male) |
| 17:17 | Create | Villager (Male) |
| 17:21 | Research | Bow Saw |
| 17:21 | Research | Bow Saw |
| 17:22 | Create | Villager (Male) |
| 17:28 | Build | House |
| 17:30 | Build | House |
| 17:43 | Create | Fire Galley |
| 17:45 | Create | Villager (Male) |
| 18:07 | Research | Gillnets |
| 18:42 | Create | Villager (Male) |
| 18:42 | Create | Villager (Male) |
| 18:43 | Create | Villager (Male) |
| 19:03 | Create | Fire Galley |
| 19:03 | Create | Fire Galley |
| 19:04 | Create | Villager (Male) |
| 19:05 | Create | Fishing Ship |
| 19:06 | Create | Fishing Ship |
| 19:10 | Create | Fishing Ship |
| 19:11 | Create | Fishing Ship |
| 19:12 | Create | Villager (Male) |
| 19:17 | Create | Villager (Male) |
| 19:20 | Build | Barracks |
| 19:38 | Build | Town Center |
| 19:53 | Create | Fishing Ship |
| 19:54 | Create | Fishing Ship |
| 19:55 | Create | Villager (Male) |
| 19:55 | Create | Villager (Male) |
| 20:18 | Create | Villager (Male) |
| 20:23 | Build | Stable |
| 20:28 | Build | Stable |
| 20:29 | Create | Villager (Male) |
| 20:32 | Create | Villager (Male) |
| 20:45 | Create | Fishing Ship |
| 20:45 | Create | Fishing Ship |
| 20:47 | Create | Villager (Male) |
| 20:47 | Create | Villager (Male) |
| 20:59 | Create | Villager (Male) |
| 21:09 | Create | Knight |
| 21:10 | Create | Knight |
| 21:10 | Create | Knight |
| 21:13 | Create | Knight |
| 21:15 | Research | Scale Barding Armor |
| 21:15 | Research | Scale Barding Armor |
| 21:23 | Build | Lumber Camp |
| 21:24 | Create | Villager (Male) |
| 21:26 | Create | Villager (Male) |
| 21:31 | Create | Knight |
| 21:31 | Create | Knight |
| 21:33 | Build | House |
| 21:40 | Build | House |
| 21:41 | Create | Knight |
| 21:47 | Research | Bloodlines |
| 21:48 | Research | Bloodlines |
| 21:48 | Create | Villager (Male) |
| 21:50 | Build | House |
| 21:57 | Create | Villager (Male) |
| 22:01 | Create | Knight |
| 22:02 | Create | Knight |
| 22:08 | Build | House |
| 22:20 | Build | House |
| 22:28 | Create | Knight |
| 22:28 | Create | Knight |
| 22:38 | Create | Knight |
Build order — [TOX2] Lord Rucci
First 150 of 231 actions detected
| 0:08 | Build | Town Center |
| 2:03 | Build | Dock |
| 2:16 | Build | House |
| 2:38 | Create | Villager (Male) |
| 2:38 | Create | Villager (Male) |
| 2:38 | Create | Villager (Male) |
| 2:39 | Create | Villager (Male) |
| 2:57 | Build | House |
| 3:42 | Create | Fishing Ship |
| 3:43 | Create | Fishing Ship |
| 3:43 | Create | Fishing Ship |
| 4:25 | Research | Loom |
| 4:34 | Create | Villager (Male) |
| 4:34 | Create | Villager (Male) |
| 4:34 | Create | Villager (Male) |
| 4:34 | Create | Villager (Male) |
| 4:35 | Create | Villager (Male) |
| 5:02 | Create | Villager (Male) |
| 5:02 | Create | Villager (Male) |
| 5:03 | Create | Villager (Male) |
| 5:24 | Create | Villager (Male) |
| 5:24 | Create | Villager (Male) |
| 5:46 | Create | Villager (Male) |
| 5:47 | Create | Villager (Male) |
| 5:47 | Create | Villager (Male) |
| 5:47 | Create | Villager (Male) |
| 5:59 | Create | Villager (Male) |
| 6:08 | Build | House |
| 6:25 | Create | Villager (Male) |
| 6:25 | Create | Villager (Male) |
| 6:25 | Create | Villager (Male) |
| 6:40 | Create | Villager (Male) |
| 6:40 | Create | Villager (Male) |
| 6:40 | Create | Villager (Male) |
| 6:41 | Create | Villager (Male) |
| 6:42 | Create | Villager (Male) |
| 6:47 | Build | House |
| 7:14 | Create | Villager (Male) |
| 7:14 | Create | Villager (Male) |
| 7:14 | Create | Villager (Male) |
| 7:15 | Create | Villager (Male) |
| 7:35 | Create | Fishing Ship |
| 7:35 | Create | Fishing Ship |
| 7:35 | Create | Fishing Ship |
| 7:40 | Create | Villager (Male) |
| 7:55 | Create | Villager (Male) |
| 8:03 | Create | Villager (Male) |
| 8:16 | Create | Villager (Male) |
| 9:02 | Build | Mill |
| 9:12 | Create | Villager (Male) |
| 9:21 | Build | House |
| 9:59 | Create | Villager (Male) |
| 10:18 | Create | Fishing Ship |
| 10:37 | Create | Villager (Male) |
| 11:04 | Build | Mining Camp |
| 11:16 | Research | Feudal Age |
| 12:00 | Build | House |
| 12:22 | Build | Palisade Wall |
| 12:24 | Build | Palisade Wall |
| 13:06 | Create | Villager (Male) |
| 13:08 | Create | Fishing Ship |
| 13:35 | Age | Feudal Age |
| 13:39 | Build | Market |
| 13:41 | Build | Blacksmith |
| 13:48 | Create | Villager (Male) |
| 13:55 | Create | Demolition Raft |
| 14:00 | Create | Fishing Ship |
| 14:26 | Create | Fishing Ship |
| 14:51 | Create | Villager (Male) |
| 15:40 | Research | Castle Age |
| 15:40 | Research | Castle Age |
| 16:06 | Build | Mining Camp |
| 18:20 | Age | Castle Age |
| 18:23 | Build | Castle |
| 18:29 | Create | Villager (Male) |
| 18:29 | Create | Villager (Male) |
| 18:34 | Build | House |
| 18:51 | Build | House |
| 18:56 | Research | Scale Barding Armor |
| 19:30 | Build | Dock |
| 19:51 | Create | Magyar Huszar |
| 19:51 | Create | Magyar Huszar |
| 19:51 | Create | Magyar Huszar |
| 19:55 | Create | Villager (Male) |
| 19:56 | Create | Villager (Male) |
| 20:03 | Build | Lumber Camp |
| 20:06 | Create | Villager (Male) |
| 20:28 | Create | Fishing Ship |
| 20:28 | Create | Villager (Male) |
| 20:38 | Create | Magyar Huszar |
| 21:03 | Create | Villager (Male) |
| 21:06 | Build | Barracks |
| 21:29 | Create | Villager (Male) |
| 21:42 | Build | Palisade Wall |
| 21:44 | Build | Palisade Wall |
| 21:47 | Build | Palisade Wall |
| 21:55 | Build | Stable |
| 22:06 | Create | Magyar Huszar |
| 22:27 | Build | Monastery |
| 22:36 | Create | Magyar Huszar |
| 22:50 | Build | Farm |
| 22:51 | Build | Farm |
| 22:56 | Build | Farm |
| 23:14 | Build | Lumber Camp |
| 23:15 | Create | Monk |
| 23:19 | Research | Bloodlines |
| 23:43 | Create | Villager (Male) |
| 23:57 | Create | Monk |
| 24:12 | Create | Magyar Huszar |
| 24:13 | Create | Magyar Huszar |
| 24:36 | Create | Villager (Male) |
| 24:36 | Create | Villager (Male) |
| 24:40 | Build | Lumber Camp |
| 24:55 | Create | Magyar Huszar |
| 24:58 | Create | Villager (Male) |
| 25:11 | Create | Magyar Huszar |
| 25:12 | Create | Magyar Huszar |
| 25:37 | Create | Magyar Huszar |
| 25:52 | Research | Gold Mining |
| 25:54 | Research | Double-Bit Axe |
| 26:55 | Create | Magyar Huszar |
| 26:55 | Create | Magyar Huszar |
| 26:56 | Create | Magyar Huszar |
| 26:56 | Create | Villager (Male) |
| 26:57 | Create | Villager (Male) |
| 27:12 | Create | Magyar Huszar |
| 27:12 | Create | Magyar Huszar |
| 27:18 | Create | Monk |
| 27:20 | Create | Magyar Huszar |
| 27:38 | Create | Villager (Male) |
| 27:50 | Create | Villager (Male) |
| 28:13 | Build | Farm |
| 28:14 | Build | Farm |
| 28:14 | Build | Farm |
| 28:14 | Build | Farm |
| 28:14 | Build | Farm |
| 28:20 | Create | Fishing Ship |
| 28:20 | Create | Fishing Ship |
| 28:34 | Create | Magyar Huszar |
| 28:41 | Create | Villager (Male) |
| 28:42 | Create | Villager (Male) |
| 28:45 | Build | Farm |
| 28:46 | Build | Farm |
| 28:55 | Research | Horse Collar |
| 29:32 | Create | Villager (Male) |
| 29:35 | Build | Mill |
| 29:36 | Build | Farm |
| 29:36 | Build | Farm |
| 29:36 | Build | Farm |
| 29:37 | Build | Farm |
Build order — Oni.TheViper
First 150 of 325 actions detected
| 0:08 | Build | Town Center |
| 0:22 | Build | Dock |
| 1:26 | Build | House |
| 2:29 | Create | Villager (Male) |
| 2:29 | Create | Villager (Male) |
| 2:29 | Create | Villager (Male) |
| 2:29 | Create | Villager (Male) |
| 2:30 | Create | Villager (Male) |
| 3:30 | Create | Villager (Male) |
| 3:31 | Create | Fishing Ship |
| 4:17 | Build | House |
| 4:35 | Create | Villager (Male) |
| 5:02 | Create | Villager (Male) |
| 5:02 | Create | Villager (Male) |
| 5:05 | Create | Fishing Ship |
| 5:06 | Create | Fishing Ship |
| 5:30 | Create | Villager (Male) |
| 5:30 | Create | Villager (Male) |
| 5:41 | Build | House |
| 5:49 | Create | Villager (Male) |
| 5:49 | Create | Villager (Male) |
| 6:17 | Create | Fishing Ship |
| 6:18 | Create | Villager (Male) |
| 6:36 | Create | Fishing Ship |
| 6:37 | Create | Fishing Ship |
| 6:39 | Create | Villager (Male) |
| 6:39 | Create | Villager (Male) |
| 6:59 | Create | Villager (Male) |
| 6:59 | Create | Villager (Male) |
| 7:12 | Create | Villager (Male) |
| 7:12 | Create | Villager (Male) |
| 7:28 | Build | House |
| 7:34 | Create | Fishing Ship |
| 7:46 | Create | Villager (Male) |
| 7:53 | Build | House |
| 7:57 | Create | Fishing Ship |
| 8:13 | Create | Villager (Male) |
| 8:21 | Create | Fishing Ship |
| 8:26 | Build | House |
| 8:37 | Create | Villager (Male) |
| 9:15 | Build | Lumber Camp |
| 9:19 | Create | Villager (Male) |
| 9:27 | Create | Fishing Ship |
| 9:30 | Create | Villager (Male) |
| 9:30 | Create | Villager (Male) |
| 9:39 | Create | Villager (Male) |
| 9:46 | Build | House |
| 9:49 | Create | Villager (Male) |
| 9:53 | Build | House |
| 9:55 | Build | House |
| 10:01 | Create | Villager (Male) |
| 10:09 | Build | House |
| 10:15 | Create | Villager (Male) |
| 10:17 | Build | Mill |
| 10:55 | Research | Feudal Age |
| 10:55 | Research | Feudal Age |
| 11:05 | Build | Mining Camp |
| 11:30 | Build | Mining Camp |
| 12:20 | Create | Villager (Male) |
| 12:20 | Create | Villager (Male) |
| 13:09 | Age | Feudal Age |
| 13:10 | Build | Market |
| 13:12 | Build | Blacksmith |
| 13:25 | Research | Tech 906 |
| 13:57 | Research | Castle Age |
| 13:57 | Research | Castle Age |
| 14:20 | Research | Double-Bit Axe |
| 14:55 | Create | Unit 2626 |
| 15:26 | Create | Unit 2626 |
| 15:38 | Create | Trade Cog |
| 15:51 | Research | Gold Mining |
| 15:52 | Research | Horse Collar |
| 16:15 | Build | House |
| 16:20 | Create | Villager (Male) |
| 16:23 | Build | Mining Camp |
| 16:39 | Age | Castle Age |
| 16:45 | Build | Castle |
| 16:46 | Create | Villager (Male) |
| 16:49 | Research | Bow Saw |
| 16:49 | Research | Bow Saw |
| 17:11 | Create | Villager (Male) |
| 17:16 | Research | Wheelbarrow |
| 17:21 | Research | Loom |
| 17:30 | Create | Villager (Male) |
| 17:44 | Build | Monastery |
| 18:12 | Create | Villager (Male) |
| 18:15 | Research | Wheelbarrow |
| 18:19 | Create | Janissary |
| 18:19 | Create | Janissary |
| 18:21 | Create | Villager (Male) |
| 18:27 | Create | Monk |
| 18:50 | Create | Villager (Male) |
| 19:04 | Build | Farm |
| 19:07 | Create | Janissary |
| 19:07 | Create | Villager (Male) |
| 19:09 | Create | Janissary |
| 19:16 | Build | Town Center |
| 19:20 | Create | Janissary |
| 20:01 | Create | Janissary |
| 20:02 | Create | Villager (Male) |
| 20:10 | Build | Farm |
| 20:10 | Build | Farm |
| 20:11 | Build | Farm |
| 20:11 | Build | Farm |
| 20:17 | Research | Heavy Plow |
| 20:18 | Create | Villager (Male) |
| 20:36 | Create | Villager (Male) |
| 20:37 | Build | Farm |
| 20:41 | Build | Farm |
| 20:41 | Build | Farm |
| 21:14 | Create | Janissary |
| 21:17 | Build | Farm |
| 21:18 | Build | Farm |
| 21:18 | Build | Farm |
| 21:19 | Create | Villager (Male) |
| 21:20 | Build | Farm |
| 21:29 | Build | Dock |
| 21:31 | Create | Villager (Male) |
| 21:36 | Create | Janissary |
| 21:37 | Create | Villager (Male) |
| 21:49 | Build | Farm |
| 22:05 | Create | Janissary |
| 22:12 | Create | Villager (Male) |
| 22:13 | Create | Villager (Male) |
| 22:14 | Build | Farm |
| 22:16 | Build | Farm |
| 22:17 | Build | Farm |
| 22:19 | Create | Villager (Male) |
| 22:34 | Create | Janissary |
| 22:34 | Create | Janissary |
| 22:35 | Create | Villager (Male) |
| 22:35 | Create | Villager (Male) |
| 22:49 | Create | Villager (Male) |
| 23:05 | Create | Villager (Male) |
| 23:16 | Create | Villager (Male) |
| 23:21 | Research | Hand Cart |
| 23:27 | Create | Fishing Ship |
| 23:27 | Create | Fishing Ship |
| 23:29 | Create | Villager (Male) |
| 23:30 | Create | Janissary |
| 23:30 | Create | Villager (Male) |
| 23:56 | Create | Janissary |
| 24:12 | Create | Villager (Male) |
| 24:12 | Create | Villager (Male) |
| 24:14 | Create | Fishing Ship |
| 24:14 | Create | Fishing Ship |
| 24:18 | Build | House |
| 24:58 | Research | Gillnets |
| 25:25 | Build | Lumber Camp |
| 25:44 | Build | Castle |
Build order — abija
First 150 of 258 actions detected
| 0:09 | Build | Town Center |
| 0:16 | Build | House |
| 1:44 | Build | Dock |
| 2:23 | Create | Villager (Male) |
| 2:24 | Create | Villager (Male) |
| 2:24 | Create | Villager (Male) |
| 2:28 | Create | Villager (Male) |
| 2:29 | Create | Villager (Male) |
| 3:38 | Research | Loom |
| 3:38 | Research | Loom |
| 4:07 | Create | Fishing Ship |
| 4:16 | Create | Villager (Male) |
| 4:20 | Build | House |
| 4:38 | Create | Villager (Male) |
| 4:57 | Create | Villager (Male) |
| 5:06 | Create | Villager (Male) |
| 6:02 | Create | Villager (Male) |
| 6:04 | Create | Villager (Male) |
| 6:19 | Create | Fishing Ship |
| 6:27 | Build | House |
| 6:54 | Create | Villager (Male) |
| 6:55 | Create | Fishing Ship |
| 7:19 | Create | Villager (Male) |
| 7:34 | Create | Villager (Male) |
| 7:39 | Create | Fishing Ship |
| 7:52 | Build | House |
| 8:13 | Create | Villager (Male) |
| 8:36 | Build | Mill |
| 8:40 | Create | Villager (Male) |
| 9:06 | Create | Villager (Male) |
| 9:12 | Create | Fishing Ship |
| 9:29 | Research | Feudal Age |
| 9:29 | Research | Feudal Age |
| 9:50 | Build | House |
| 10:20 | Build | Mining Camp |
| 10:50 | Build | Mining Camp |
| 11:01 | Create | Villager (Male) |
| 11:01 | Create | Villager (Male) |
| 11:45 | Age | Feudal Age |
| 11:58 | Create | Galley |
| 12:03 | Create | Fire Galley |
| 12:37 | Create | Villager (Male) |
| 12:46 | Build | Market |
| 12:49 | Build | Blacksmith |
| 12:53 | Create | Villager (Male) |
| 13:22 | Create | Villager (Male) |
| 14:18 | Research | Castle Age |
| 14:18 | Research | Castle Age |
| 15:00 | Build | House |
| 16:06 | Create | Villager (Male) |
| 16:54 | Build | House |
| 16:58 | Age | Castle Age |
| 17:08 | Build | Siege Workshop |
| 17:25 | Create | Villager (Male) |
| 17:26 | Build | Lumber Camp |
| 17:43 | Create | Villager (Male) |
| 17:45 | Create | Scorpion |
| 18:13 | Build | Castle |
| 18:19 | Create | Scorpion |
| 18:21 | Create | Villager (Male) |
| 18:22 | Research | Double-Bit Axe |
| 18:31 | Create | Scorpion |
| 18:47 | Create | Villager (Male) |
| 18:52 | Create | Scorpion |
| 19:08 | Create | Villager (Male) |
| 19:14 | Build | House |
| 19:19 | Research | Bow Saw |
| 19:31 | Create | Scorpion |
| 19:32 | Create | Villager (Male) |
| 19:48 | Create | Centurion |
| 19:51 | Create | Scorpion |
| 20:02 | Create | Villager (Male) |
| 20:03 | Research | Scale Barding Armor |
| 20:04 | Research | Scale Barding Armor |
| 20:23 | Create | Centurion |
| 20:36 | Create | Villager (Male) |
| 20:47 | Create | Centurion |
| 20:48 | Create | Villager (Male) |
| 21:03 | Create | Scorpion |
| 21:04 | Create | Villager (Male) |
| 21:06 | Build | University |
| 21:14 | Create | Scorpion |
| 21:23 | Create | Villager (Male) |
| 21:57 | Create | Villager (Male) |
| 22:02 | Research | Ballistics |
| 22:02 | Research | Ballistics |
| 22:07 | Create | Scorpion |
| 22:13 | Build | House |
| 22:16 | Create | Villager (Male) |
| 22:28 | Create | Scorpion |
| 22:39 | Create | Scorpion |
| 23:14 | Build | House |
| 23:15 | Build | House |
| 23:15 | Build | House |
| 23:18 | Build | Mill |
| 24:17 | Build | Town Center |
| 24:51 | Build | Town Center |
| 25:16 | Build | Mill |
| 25:21 | Create | Villager (Male) |
| 25:48 | Build | Farm |
| 25:49 | Build | Farm |
| 25:49 | Build | Farm |
| 25:49 | Build | Farm |
| 25:49 | Build | Farm |
| 25:57 | Create | Villager (Male) |
| 25:57 | Create | Villager (Male) |
| 26:14 | Build | Farm |
| 26:23 | Create | Villager (Male) |
| 26:23 | Create | Villager (Male) |
| 26:40 | Create | Villager (Male) |
| 26:56 | Create | Villager (Male) |
| 26:56 | Create | Villager (Male) |
| 27:04 | Build | Barracks |
| 27:08 | Build | Barracks |
| 27:14 | Create | Villager (Male) |
| 27:28 | Create | Villager (Male) |
| 27:29 | Create | Villager (Male) |
| 27:29 | Create | Villager (Male) |
| 27:46 | Create | Villager (Male) |
| 27:46 | Create | Villager (Male) |
| 27:54 | Create | Villager (Male) |
| 27:54 | Create | Villager (Male) |
| 28:10 | Build | Farm |
| 28:11 | Build | Farm |
| 28:19 | Create | Villager (Male) |
| 28:20 | Create | Villager (Male) |
| 28:35 | Research | Pikeman (upgrade) |
| 28:36 | Create | Spearman |
| 28:36 | Create | Spearman |
| 28:46 | Create | Villager (Male) |
| 28:46 | Create | Villager (Male) |
| 28:46 | Create | Villager (Male) |
| 29:02 | Build | Farm |
| 29:02 | Build | Farm |
| 29:02 | Build | Farm |
| 29:02 | Build | Farm |
| 29:02 | Build | Farm |
| 29:03 | Build | Farm |
| 29:10 | Create | Spearman |
| 29:11 | Create | Villager (Male) |
| 29:24 | Create | Villager (Male) |
| 29:27 | Build | Farm |
| 29:27 | Build | Farm |
| 29:27 | Build | Farm |
| 29:27 | Build | Farm |
| 29:28 | Build | Farm |
| 29:30 | Create | Villager (Male) |
| 29:39 | Create | Villager (Male) |
| 29:51 | Create | Villager (Male) |
| 29:52 | Create | Spearman |
Build order — hermelin*?
First 150 of 364 actions detected
| 0:04 | Build | Town Center |
| 0:44 | Build | Dock |
| 0:48 | Build | House |
| 0:49 | Build | Palisade Wall |
| 0:52 | Build | Palisade Wall |
| 2:25 | Create | Villager (Male) |
| 2:25 | Create | Villager (Male) |
| 2:25 | Create | Villager (Male) |
| 2:26 | Create | Villager (Male) |
| 2:26 | Create | Villager (Male) |
| 3:18 | Build | House |
| 3:58 | Create | Villager (Male) |
| 3:58 | Create | Villager (Male) |
| 4:11 | Create | Fishing Ship |
| 4:27 | Research | Loom |
| 4:45 | Create | Villager (Male) |
| 4:46 | Create | Villager (Male) |
| 5:01 | Build | House |
| 5:34 | Create | Villager (Male) |
| 5:34 | Create | Villager (Male) |
| 5:44 | Create | Fishing Ship |
| 5:55 | Create | Villager (Male) |
| 5:55 | Create | Villager (Male) |
| 6:20 | Create | Villager (Male) |
| 6:20 | Create | Villager (Male) |
| 6:32 | Build | Palisade Wall |
| 6:43 | Build | House |
| 6:49 | Create | Villager (Male) |
| 6:49 | Create | Villager (Male) |
| 6:53 | Build | House |
| 7:04 | Create | Villager (Male) |
| 7:04 | Create | Villager (Male) |
| 7:10 | Create | Fishing Ship |
| 7:22 | Create | Villager (Male) |
| 7:23 | Create | Villager (Male) |
| 7:46 | Create | Villager (Male) |
| 7:46 | Create | Villager (Male) |
| 8:03 | Create | Fishing Ship |
| 8:10 | Build | House |
| 8:18 | Create | Villager (Male) |
| 8:18 | Create | Villager (Male) |
| 8:19 | Create | Villager (Male) |
| 8:19 | Create | Villager (Male) |
| 8:43 | Create | Villager (Male) |
| 8:43 | Create | Villager (Male) |
| 8:58 | Create | Villager (Male) |
| 8:58 | Create | Villager (Male) |
| 9:00 | Create | Fishing Ship |
| 9:10 | Build | Palisade Wall |
| 9:26 | Create | Villager (Male) |
| 9:29 | Build | Lumber Camp |
| 9:45 | Build | House |
| 10:04 | Create | Villager (Male) |
| 10:25 | Build | House |
| 10:30 | Build | House |
| 10:45 | Build | Mill |
| 10:48 | Create | Villager (Male) |
| 10:54 | Create | Villager (Male) |
| 10:55 | Create | Villager (Male) |
| 11:21 | Build | House |
| 11:53 | Build | House |
| 12:00 | Research | Feudal Age |
| 12:06 | Build | Palisade Wall |
| 12:13 | Build | Mining Camp |
| 12:19 | Build | House |
| 12:40 | Create | Fishing Ship |
| 12:53 | Build | Barracks |
| 14:00 | Create | Villager (Male) |
| 14:01 | Create | Villager (Male) |
| 14:13 | Age | Feudal Age |
| 14:15 | Build | Stable |
| 14:19 | Build | Blacksmith |
| 14:22 | Create | Villager (Male) |
| 14:37 | Create | Demolition Raft |
| 15:04 | Create | Scout Cavalry |
| 15:09 | Build | Stable |
| 15:11 | Build | Palisade Wall |
| 15:17 | Create | Villager (Male) |
| 15:38 | Create | Villager (Male) |
| 15:57 | Create | Villager (Male) |
| 16:05 | Build | House |
| 16:30 | Research | Castle Age |
| 17:08 | Create | Fishing Ship |
| 17:19 | Create | Villager (Male) |
| 17:42 | Build | Mining Camp |
| 18:11 | Research | Stone Mining |
| 18:24 | Research | Forging |
| 18:28 | Create | Unit 2626 |
| 18:28 | Create | Unit 2626 |
| 18:39 | Research | Gold Mining |
| 18:45 | Build | Farm |
| 18:45 | Build | Farm |
| 18:45 | Build | Farm |
| 18:45 | Build | Farm |
| 18:46 | Build | Farm |
| 18:49 | Build | Stone Wall |
| 18:56 | Build | Stone Wall |
| 18:57 | Build | Stone Wall |
| 18:58 | Build | Stone Wall |
| 18:59 | Build | Stone Wall |
| 19:00 | Build | Stone Wall |
| 19:04 | Create | Villager (Male) |
| 19:05 | Build | Farm |
| 19:24 | Age | Castle Age |
| 19:29 | Create | Knight ×2 |
| 19:29 | Create | Knight ×2 |
| 19:32 | Create | Knight |
| 19:55 | Create | Villager (Male) |
| 19:56 | Create | Villager (Male) |
| 20:00 | Build | Farm |
| 20:01 | Build | Farm |
| 20:06 | Build | Mill |
| 20:09 | Create | Knight |
| 20:11 | Build | House |
| 20:12 | Build | House |
| 20:32 | Create | Villager (Male) |
| 20:32 | Create | Villager (Male) |
| 20:35 | Build | House |
| 21:01 | Create | Knight ×2 |
| 21:02 | Create | Knight ×2 |
| 21:19 | Create | Villager (Male) |
| 21:19 | Create | Villager (Male) |
| 21:32 | Build | House |
| 21:33 | Build | House |
| 21:48 | Create | Villager (Male) |
| 21:48 | Create | Villager (Male) |
| 21:49 | Create | Villager (Male) |
| 22:16 | Create | Villager (Male) |
| 22:16 | Create | Villager (Male) |
| 22:16 | Create | Villager (Male) |
| 22:34 | Create | Villager (Male) |
| 22:34 | Create | Villager (Male) |
| 22:35 | Create | Villager (Male) |
| 22:36 | Create | Villager (Male) |
| 22:50 | Research | Double-Bit Axe |
| 23:00 | Research | Tech 906 |
| 23:10 | Build | Market |
| 23:24 | Research | Scale Barding Armor |
| 23:25 | Create | Villager (Male) |
| 23:25 | Create | Villager (Male) |
| 23:43 | Create | Knight |
| 23:43 | Create | Knight |
| 23:51 | Research | Husbandry |
| 24:00 | Build | Town Center |
| 24:29 | Research | Wheelbarrow |
| 24:29 | Research | Town Watch |
| 24:30 | Create | Villager (Male) |
| 24:30 | Create | Villager (Male) |
| 24:31 | Create | Villager (Male) |
| 24:32 | Build | Farm |
Match timeline
| 0:22 | Oni.TheViper · first_building Dock |
| 0:34 | satho · first_building Dock |
| 0:44 | hermelin*? · first_building Dock |
| 0:48 | joseph · first_building Dock |
| 0:49 | hermelin*? · wall_segment Palisade Wall x1 |
| 0:52 | hermelin*? · wall_segment Palisade Wall x1 |
| 1:44 | abija · first_building Dock |
| 2:03 | [TOX2] Lord Rucci · first_building Dock |
| 6:32 | hermelin*? · wall_segment Palisade Wall x9 |
| 9:10 | hermelin*? · wall_segment Palisade Wall x1 |
| 11:45 | abija · age_up feudal |
| 12:06 | hermelin*? · wall_segment Palisade Wall x1 |
| 12:22 | [TOX2] Lord Rucci · wall_segment Palisade Wall x1 |
| 12:24 | [TOX2] Lord Rucci · wall_segment Palisade Wall x6 |
| 12:53 | hermelin*? · first_building Barracks |
| 12:55 | joseph · age_up feudal |
| 13:07 | satho · first_building Barracks |
| 13:09 | Oni.TheViper · age_up feudal |
| 13:35 | [TOX2] Lord Rucci · age_up feudal |
| 13:45 | satho · age_up feudal |
| 14:13 | hermelin*? · age_up feudal |
| 14:15 | hermelin*? · first_building Stable |
| 14:47 | [TOX2] Lord Rucci · first_market_buy 100 food |
| 14:48 | [TOX2] Lord Rucci · first_market_sell 100 wood |
| 15:09 | satho · first_market_sell 100 food |
| 15:11 | hermelin*? · wall_segment Palisade Wall x6 |
| 15:27 | joseph · first_market_buy 100 wood |
| 15:27 | joseph · first_market_sell 500 food |
| 16:33 | joseph · age_up castle |
| 16:39 | Oni.TheViper · age_up castle |
| 16:42 | satho · wall_segment Palisade Wall x1 |
| 16:42 | satho · wall_segment Palisade Wall x1 |
| 16:45 | Oni.TheViper · first_building Castle |
| 16:45 | satho · wall_segment Palisade Wall x1 |
| 16:48 | satho · wall_segment Palisade Wall x1 |
| 16:49 | satho · wall_segment Palisade Wall x1 |
| 16:51 | satho · wall_segment Palisade Wall x1 |
| 16:58 | abija · age_up castle |
| 17:08 | abija · first_building Siege Workshop |
| 17:44 | Oni.TheViper · first_building Monastery |
| 18:05 | satho · age_up castle |
| 18:13 | abija · first_building Castle |
| 18:20 | [TOX2] Lord Rucci · age_up castle |
| 18:23 | [TOX2] Lord Rucci · first_building Castle |
| 18:49 | hermelin*? · wall_segment Stone Wall x11 |
| 18:56 | hermelin*? · wall_segment Stone Wall x1 |
| 18:57 | hermelin*? · wall_segment Stone Wall x1 |
| 18:58 | hermelin*? · wall_segment Stone Wall x1 |
| 18:59 | hermelin*? · wall_segment Stone Wall x1 |
| 19:00 | hermelin*? · wall_segment Stone Wall x1 |
| 19:20 | joseph · first_building Barracks |
| 19:24 | hermelin*? · age_up castle |
| 19:51 | satho · first_building Castle |
| 20:23 | joseph · first_building Stable |
| 21:06 | [TOX2] Lord Rucci · first_building Barracks |
| 21:36 | satho · first_market_buy 100 food |
| 21:42 | [TOX2] Lord Rucci · wall_segment Palisade Wall x1 |
| 21:44 | [TOX2] Lord Rucci · wall_segment Palisade Wall x1 |
| 21:47 | [TOX2] Lord Rucci · wall_segment Palisade Wall x1 |
| 21:55 | [TOX2] Lord Rucci · first_building Stable |
| 22:09 | satho · wall_segment Palisade Wall x1 |
| 22:10 | satho · wall_segment Palisade Wall x1 |
| 22:13 | satho · wall_segment Palisade Wall x1 |
| 22:14 | satho · wall_segment Palisade Wall x1 |
| 22:27 | [TOX2] Lord Rucci · first_building Monastery |
| 22:32 | Oni.TheViper · first_market_buy 100 food |
| 23:20 | satho · first_building Monastery |
| 23:45 | hermelin*? · first_market_buy 100 food |
| 24:05 | satho · first_building Archery Range |
| 24:34 | joseph · first_building Monastery |
| 24:52 | hermelin*? · first_building Castle |
| 25:31 | hermelin*? · first_market_sell 100 stone |
| 25:40 | joseph · wall_segment Stone Wall x1 |
| 25:49 | Oni.TheViper · first_market_sell 100 stone |
| 26:22 | Oni.TheViper · wall_segment Stone Wall x1 |
| 26:22 | abija · first_market_buy 100 food |
| 26:23 | Oni.TheViper · wall_segment Stone Wall x1 |
| 26:25 | Oni.TheViper · wall_segment Stone Wall x1 |
| 26:26 | Oni.TheViper · wall_segment Stone Wall x1 |
| 26:29 | Oni.TheViper · wall_segment Stone Wall x1 |
| 27:04 | abija · first_building Barracks |
| 29:09 | Oni.TheViper · age_up imperial |
| 30:01 | hermelin*? · first_building Monastery |
| 31:05 | abija · wall_segment Palisade Wall x11 |
| 31:08 | abija · wall_segment Palisade Wall x1 |
| 31:09 | abija · wall_segment Palisade Wall x12 |
| 31:11 | joseph · age_up imperial |
| 31:55 | joseph · first_building Siege Workshop |
| 32:00 | abija · wall_segment Palisade Wall x1 |
| 33:17 | hermelin*? · wall_segment Stone Wall x3 |
| 33:18 | hermelin*? · wall_segment Stone Wall x10 |
| 34:37 | joseph · first_building Castle |
| 34:43 | hermelin*? · wall_segment Stone Wall x8 |
| 36:22 | hermelin*? · age_up imperial |
| 37:04 | [TOX2] Lord Rucci · age_up imperial |
| 38:23 | abija · first_building Monastery |
| 39:34 | abija · wall_segment Stone Wall x1 |
| 39:55 | [TOX2] Lord Rucci · resign |
[ AI ANALYSIS · 1 CREDIT ]
What really happened in this match?
Wolo.gg analyzes every decision: build order, eco, micro, common mistakes by bracket. Personalized analysis on WhatsApp or Discord in 30 seconds.
Civ guide
Saracens
Perfil
Jugador #5667781